Match 27784525
Unlisted

Match 27784525
End
Kettenkrad Recon Vehicle
Construct Infanterie Kompanie
Grenadier Squad
MG 42 Machine Gun Team
GrW 34 Mortar Team
Construct Panzergrenadier Kompanie
GrW 34 Mortar Team
Panzergrenadier Squad
Panzergrenadier Officer Quarters
Selects Luftwaffe Battlegroup
Selects Luftwaffe Pioneer Support
Selects LG40 Recoilless Gun Paradrop
LG40 Recoilless Gun Paradrop
LG40 Recoilless Gun Paradrop
Medical Bunker
Construct Panzer Kompanie
Panzergrenadier Squad
Selects Stuka Strafing Run
Selects Fallschirmjäger Squad Paradrop
LG40 Recoilless Gun Paradrop
^3
FK9DD
0
0

Comments sign in to comment!

No comments posted yet!